 Dungeon Crawl Stone Soup version 0.28-a0-258-g8de209e91f (webtiles) character file.

Game seed: 8288827226932101428

48 graki42 the Ducker (level 3, -5/26 HPs)
             Began as an Octopode Fighter on Aug 26, 2021.
             Slain by an orc (7 damage)
             ... on level 3 of the Dungeon.
             The game lasted 00:03:16 (1966 turns).

graki42 the Ducker (Octopode Fighter)               Turns: 1966, Time: 00:03:17

Health: -5/26      AC:  1    Str: 15    XL:     3   Next: 72%
Magic:  3/3        EV: 11    Int: 10    God:
Gold:   103        SH:  8    Dex: 12    Spells: 2/2 levels left

rFire   . . .      SeeInvis .   a - +0 long sword
rCold   . . .      Faith    .   b - +0 kite shield
rNeg    . . .      Spirit   .   (helmet restricted)
rPois   .          Reflect  .   (no amulet)
rElec   .          Harm     .   (no ring)
rCorr   .          Rampage  .   (no ring)
Will    .....                   (no ring)
Stlth   ++........              (no ring)
HPRegen 0.08/turn               (no ring)
MPRegen 0.08/turn               (no ring)
                                (no ring)
                                (no ring)

@: no status effects
A: almost no armour, amphibious, 8 rings, camouflage 1, gelatinous body 1,
(nimble swimmer 1), tentacles
a: no special abilities


You were on level 3 of the Dungeon.
You visited 1 branch of the dungeon, and saw 3 of its levels.

You collected 103 gold pieces.

Inventory:

Hand Weapons
 a - a +0 long sword (weapon)
Armour
 b - a +0 kite shield (worn)
Wands
 m - a wand of iceblast (8)
 o - a wand of charming (10)
Scrolls
 e - a scroll of identify {unknown}
 f - a scroll of holy word {unknown}
 g - a scroll of teleportation {unknown}
 h - a scroll of torment {unknown}
Potions
 c - a potion of might
 d - 3 potions of attraction {unknown}
 i - 2 potions of haste {unknown}
 j - a potion of brilliance {unknown}
 k - a potion of berserk rage {unknown}
 l - a potion of heal wounds {unknown}
 n - a potion of lignification {unknown}


   Skills:
 + Level 3.4 Fighting
 + Level 2.6 Long Blades
 + Level 3.4 Dodging
 + Level 3.4 Shields


You had 2 spell levels left.
You didn't know any spells.
Your spell library contained the following spells:

 Spells                   Type           Power      Damage    Failure   Level
 Sandblast                Erth           0%         2d4       86%         1
 Passwall                 Tmut/Erth      0%         N/A       95%         2
 Gell's Gravitas          Tloc           0%         N/A       99%         3
 Lesser Beckoning         Tloc           0%         N/A       99%         3
 Teleport Other           Tloc           0%         N/A       99%         3
 Lee's Rapid Deconstruct  Erth           0%         3d5*      100%        5


Dungeon Overview and Level Annotations

Branches:
Dungeon (3/15)

Altars:


Innate Abilities, Weirdness & Mutations

You cannot wear most types of armour.
You are amphibious.
You can wear up to eight rings at the same time.
Your skin changes colour to match your surroundings (Stealth+).
Your rubbery body absorbs attacks. (AC +1, EV +1)
((You are camouflaged near water. (Stealth+)))
You have tentacles for arms and can constrict up to eight enemies at once.


Message History

An orc comes into view. It is wielding a +0 trident.
Found a stone staircase leading down.
The orc shouts! x2; You hear a shout! x2
An orc and an orc wizard come into view.
The orc shouts!
The orc hits you with a +0 hand axe.
The orc moves out of view.
You closely miss the orc.
The orc shouts!
Your grab misses the orc. You block the orc's attack. x2
You hit the orc but do no damage. You grab the orc. You constrict the orc.
The orc wizard casts a spell.
The orc wizard flickers and vanishes!
Deactivating autopickup; reactivate with Ctrl-A.
The orc hits you with a +0 hand axe.
The orc hits you from afar with a +0 trident.
You hit the orc.
The orc is heavily wounded.
You constrict the orc.
You kill the orc!
The orc hits you from afar with a +0 trident.
You block the orc's attack.
Things that are here:
a +0 hand axe; an orc corpse You are too injured to fight recklessly!
You are too injured to fight recklessly!
Sorry, you're not good enough to have a special ability.
Unknown command.
You barely miss the orc. Your grab misses the orc. The orc barely misses you.
The orc hits you with a +0 club.
You hit the orc. You grab the orc.
The orc is severely wounded.
You constrict the orc.
You kill the orc!
You barely miss something. Something hits you.
* * * LOW HITPOINT WARNING * * *
You block the orc's attack.
You miss something. Something hits you.
* * * LOW HITPOINT WARNING * * *
The orc hits you from afar with a +0 trident!
You die...

#### ##..# #.. ....# #.#
#...#
###.#############.##...#
#..........@{oo.>.##...
######...##.#############..##
.........##.# ..........#
.######†.##.. ######...#
#..##### #........# #..#
#.#####..##### .######..# #.#
#....... .........#
######<#####.######
.######.#######............#


You could see 2 orcs.

Vanquished Creatures
  An adder (D:2)
  2 orcs (D:3)
  4 endoplasms
  3 goblins (D:1)
  4 hobgoblins
  A kobold (D:1)
  A quokka (D:1)
  5 ball pythons
  2 ball python zombies (D:1)
  4 bats
  3 frilled lizards
  4 rats
  A spectral goblin (D:2)
35 creatures vanquished.

Notes
Turn   | Place    | Note
-------+----------+-------------------------------------------
     0 | D:1      | graki42 the Octopode Fighter began the quest for the Orb.
     0 | D:1      | Reached XP level 1. HP: 16/16 MP: 1/1
   469 | D:1      | Reached XP level 2. HP: 21/21 MP: 2/2
  1027 | D:2      | Reached XP level 3. HP: 22/26 MP: 3/3
  1206 | D:2      | Found a faded altar of an unknown god.
  1966 | D:3      | Slain by an orc

Illustrated notes

Levels and vault maps discovered:
D:1:      saegor_arrival_fortress, layout_loops_ring
D:2:      layout_basic, dreamdust_ecumenical_altar_drowned_temple, st_stairs_5,
          minmay_misc_feat_rows, minmay_misc_feat_nine_boxes, kennysheep_boxes
D:3:      layout_loops_ring, mainiacjoe_overflow_divided_tiny

Action                   || total
-------------------------++-------
Melee: Long sword        ||    64
       Tentacles         ||    13
       Constrict         ||    16
 Stab: Sleeping          ||     3
Armor: Skin              ||     7
Dodge: Dodged            ||    21
Block: Kite shield       ||    28
       Rpst.: Long sword ||     7

Table legend: (Time is in decaauts)
 A = Elapsed time spent in this place.
 B = Non-inter-level travel time spent in this place.
 C = Inter-level travel time spent in this place.
 D = Time resting spent in this place.
 E = Time spent auto-exploring this place.
 F = Levels seen in this place.
 G = Mean time per level.
                   A        B        C        D        E       F      G
               +--------+--------+--------+--------+--------+-----+--------+
         Total |   1998 |   1964 |     34 |      0 |   1695 |   3 |  666.0 |
       Dungeon |   1998 |   1964 |     34 |      0 |   1695 |   3 |  666.0 |
               +--------+--------+--------+--------+--------+-----+--------+

Top non-repeatable levels by time:
     D:1: 1009 daAuts
     D:2: 789 daAuts
     D:3: 199 daAuts
